Map: Abyssal Reef LE

Players

eXile

  • Race: Zerg Zerg
  • League: Platinum
  • Spawn Location: 5:00

Kajuema - Winner!

  • Race: Zerg Zerg
  • League: Platinum
  • Spawn Location: 11:00

VOD

Have the link to the VOD?

Description

Time

  • Played on: May 29, 2017, 4:45 p.m.
  • Length: 13:25
Show
View Real Time Build Order
Export as new Build Order

eXile Zerg 

Build Orders: Hatch First 

Get SALT Encoding   

  12  0:01  Drone  
  13  0:15  Overlord  
  13  0:18  Drone  
  14  0:34  Drone x2  
  16  0:39  Drone  
  17  0:56  Hatchery  
  16  0:58  Drone  
  16  1:00  Extractor  
  16  1:03  Drone  
  17  1:16  Drone  
  18  1:20  Spawning Pool  
  18  1:25  Drone  
  18  1:30  Drone  
  19  1:45  Drone  
  20  1:52  Overlord  
  20  2:02  Drone  
  20  2:07  Metabolic Boost  
  21  2:09  Queen  
  21  2:11  Queen  
  25  2:19  Zergling x2  
  26  2:24  Zergling x2  
  26  2:27  Drone  
  26  2:28  Drone  
  29  2:35  Baneling Nest  
  28  2:45  Drone x3  
  31  2:51  Drone x2  
  31  2:57  Overlord  
  34  3:12  Zergling x2  
  34  3:13  Zergling x2  
  34  3:18  Drone  
  34  3:19  Drone x3  
  39  3:20  Overlord  
  39  3:29  Evolution Chamber  
  39  3:32  Evolution Chamber  
  35  4:11  Roach Warren  
  35  4:13  Zergling x2  
  35  4:14  Zergling x10  
  40  4:19  Zerg Missile Weapons Level 1  
  40  4:20  Zerg Ground Armor Level 1  
  40  4:27  Extractor  
  40  4:29  Lair  
  38  4:41  Zergling x4  
  38  4:42  Zergling x4  
  38  4:45  Queen  
  44  4:52  Drone x5  
  49  4:53  Drone x2  
  49  5:14  Hatchery  
  48  5:24  Roach x2  
  49  5:42  Roach x2, Overlord  
  51  5:43  Overlord x3  
  51  5:54  Drone  
  52  5:59  Extractor  
  52  6:00  Glial Reconstitution  
  52  6:01  Extractor  
  50  6:07  Pneumatized Carapace  
  50  6:10  Drone x5  
  50  6:11  Drone x5  
  60  6:33  Zerg Missile Weapons Level 2  
  60  6:44  Hatchery  
  59  6:57  Overlord x3  
  59  6:58  Roach x2  
  59  6:59  Roach x6  
  75  7:41  Spire  
  74  7:52  Overlord x2  
  74  8:01  Drone  
  74  8:02  Drone x9  
  74  8:03  Drone x3  
  87  8:06  Zerg Ground Armor Level 2  
  87  8:15  Drone x6  
  93  8:37  Roach x3  
  93  8:38  Roach x3  
  105  8:51  Overlord  
  105  8:54  Mutalisk x2  
  99  9:20  Mutalisk x2  
  99  9:21  Mutalisk x4  
  99  9:22  Mutalisk  
  113  9:29  Spore Crawler  
  112  9:32  Spore Crawler x2  
  112  9:35  Spore Crawler  
  109  9:50  Zerg Flyer Armor Level 1  
  109  10:02  Overlord x4  
  107  10:20  Mutalisk x3  
  107  10:21  Mutalisk x2  
  113  10:28  Overlord x3  
  117  10:37  Extractor  
  117  10:39  Extractor  
  115  10:43  Hydralisk Den  
  113  10:58  Overlord x3  
  113  11:06  Mutalisk x2  
  113  11:07  Mutalisk x2  
  113  11:10  Overlord x2  
  121  11:13  Extractor  
  120  11:34  Roach x3  
  120  11:35  Roach x7  
  120  11:36  Roach  
  142  11:56  Drone x4  
  142  11:57  Drone x2  
  134  12:15  Hydralisk  
  112  12:16  Hydralisk x6  
  116  12:37  Hatchery  
  116  12:42  Hydralisk x6  
  116  12:43  Hydralisk x2  
Show
View Real Time Build Order
Export as new Build Order

Kajuema Zerg - Winner!

Build Orders: Pool First, Muta Ling Bane 

Get SALT Encoding   

  12  0:01  Drone  
  13  0:13  Overlord  
  13  0:20  Drone  
  14  0:31  Drone x2  
  14  0:35  Drone  
  17  0:48  Spawning Pool  
  16  0:50  Drone  
  17  1:12  Hatchery  
  17  1:15  Drone  
  18  1:18  Drone  
  18  1:22  Extractor  
  17  1:30  Overlord  
  17  1:38  Queen  
  19  1:46  Zergling x2  
  19  1:47  Zergling x2  
  21  1:54  Drone  
  22  2:14  Overlord, Queen  
  22  2:15  Drone  
  25  2:23  Queen  
  25  2:25  Drone  
  28  2:30  Drone  
  29  2:37  Drone x2  
  32  2:44  Drone  
  32  2:45  Drone  
  32  2:49  Drone  
  34  2:55  Drone x2  
  36  3:01  Drone x2  
  36  3:05  Metabolic Boost  
  38  3:09  Drone  
  38  3:12  Extractor  
  38  3:25  Drone  
  39  3:27  Drone  
  39  3:31  Overlord, Hatchery  
  40  3:34  Drone  
  40  3:40  Drone x3  
  44  3:41  Drone  
  44  3:47  Baneling Nest  
  43  3:51  Drone  
  43  3:52  Drone  
  45  4:05  Drone x4  
  45  4:06  Drone x2  
  51  4:20  Drone  
  51  4:21  Overlord x2  
  52  4:34  Overlord x2  
  52  4:37  Baneling x4  
  54  4:53  Overlord x2, Drone x4  
  58  5:01  Lair  
  58  5:04  Zergling x4  
  58  5:05  Evolution Chamber x2  
  54  5:16  Drone  
  54  5:17  Drone  
  53  5:28  Baneling x2  
  53  5:29  Hatchery, Baneling  
  53  5:33  Drone x4  
  53  5:34  Zergling x10  
  61  5:38  Zerg Melee Weapons Level 1, Zerg Ground Armor Level 1  
  61  5:48  Spore Crawler, Extractor  
  61  5:49  Extractor  
  58  5:50  Drone x3  
  61  5:58  Overseer  
  61  6:00  Drone x2  
  63  6:07  Hatchery  
  63  6:08  Centrifical Hooks  
  61  6:30  Zergling x14  
  68  6:37  Drone  
  68  6:39  Overlord x2  
  69  6:40  Drone  
  69  6:41  Drone  
  69  6:44  Queen  
  73  7:03  Drone x4  
  73  7:04  Drone x3  
  73  7:06  Spire  
  79  7:13  Drone x2  
  79  7:14  Drone x3  
  79  7:15  Queen  
  86  7:22  Spore Crawler  
  85  7:23  Drone x2  
  82  7:46  Extractor  
  82  7:47  Extractor  
  82  7:49  Zerg Melee Weapons Level 2  
  82  7:50  Zerg Ground Armor Level 2  
  80  7:59  Drone x2  
  80  8:00  Zergling x6, Drone  
  80  8:01  Zergling x16  
  94  8:06  Baneling x10  
  94  8:07  Baneling x2  
  94  8:21  Drone x5  
  94  8:22  Drone x2  
  94  8:23  Hatchery  
  100  8:40  Mutalisk  
  100  8:41  Mutalisk x3  
  103  9:03  Drone x5  
  103  9:04  Mutalisk x2, Drone  
  99  9:20  Drone x3  
  99  9:21  Drone x5  
  107  9:38  Extractor  
  107  9:39  Mutalisk x4, Extractor  
  113  9:51  Zerg Flyer Weapons Level 1  
  113  10:07  Overlord x4  
  113  10:14  Mutalisk x2  
  113  10:20  Overlord x3  
  117  10:31  Overlord x2  
  117  10:32  Mutalisk x5  
  117  10:33  Mutalisk  
  129  10:52  Spore Crawler  
  129  10:56  Spore Crawler  
  127  11:00  Spore Crawler x2  
  125  11:04  Spore Crawler  
  125  11:07  Spore Crawler x2  
  122  11:14  Mutalisk x4  
  122  11:15  Mutalisk x5  
  140  11:19  Zergling x6  
  143  11:43  Drone x5  
  148  11:58  Hatchery  
  147  12:01  Infestation Pit  
  147  12:04  Spire  
  137  12:12  Zergling x12  
  137  12:13  Zergling x22  
  139  13:03  Extractor x2  
Tags
 
Add a new tag
Caveats
  • Supply blocks, unpowered buildings, or Contaminate may cause inaccurate times.
  • Supply counts are checked every 10 seconds.